cohdb
Replays
Latest Replays
All Replays
Popular Replays
Top Player Replays
Match Explorer
How It Works
Community
CoH3 Stats
Reddit
Sign in to upload your games and track your stats! →
Sign in with Steam
Match 43037332
Unlisted
Match 43037332
Overview
Messages
Build Orders
End
Kettenkrad Recon Vehicle
Construct Infanterie Kompanie
Selects Breakthrough Battlegroup
MG 42 Machine Gun Team
Grenadier Squad
Grenadier Squad
Grenadier Squad
Infanterie Officer Quarters
Construct Luftwaffe Kompanie
Jäger Squad
Support Elements
Selects Assault Grenadiers
Selects Smoke Bombing Run
Wirbelwind Flakpanzer
Medical Station
Jäger Squad
Selects Smoke Bombing Run
Selects Incendiary Bombing Run
Selects Rapid Production
Wirbelwind Flakpanzer
Incendiary Bombing Run
Construct Panzergrenadier Kompanie
Selects Blitzkrieg
StuG III G Assault Gun
MG 42 Machine Gun Team
Pioneer Squad
Incendiary Bombing Run
Baddentist
SneaKerz
0
0
Comments
sign in to comment!
No comments posted yet!